 Dungeon Crawl Stone Soup version 0.30.0-29-ga12c61a403 (webtiles) character file.

Game seed: 7760054664632368633

247 qw the Chopper (level 6, -3/37 HPs)
             Began as a Gargoyle Fighter on June 4, 2023.
             Was an Initiate of Okawaru.
             Slain by an ogre
             ... wielding a +0 giant spiked club
              (10 damage)
             ... on level 4 of the Dungeon.
             The game lasted 00:01:01 (2930 turns).

qw the Chopper (Gargoyle Fighter)                   Turns: 2930, Time: 00:01:01

Health: -3/37      AC: 17    Str: 21    XL:     6   Next: 11%
Magic:  6/6        EV:  5    Int:  9    God:    Okawaru [......]
Gold:   187        SH:  5    Dex: 15    Spells: 5/5 levels left

rFire   . . .        Y - +1 war axe (heavy)
rCold   . . .        c - +0 buckler
rNeg    + . .        m - +0 plate armour
rPois   inf          (no helmet)
rElec   +            (no cloak)
rCorr   .            b - +0 pair of gloves
SInv    .            (no boots)
Will    .....        j - amulet of the acrobat Stlth
                     r - +6 ring of dexterity
HPRegen 0.26/turn    (no ring)
MPRegen 0.10/turn

%: acrobat
@: about to teleport
A: sickness immunity, AC +4, negative energy resistance 1, electricity
resistance, torment resistance 1, petrification resistance
a: Renounce Religion


You were on level 4 of the Dungeon.
You worshipped Okawaru.
Okawaru was noncommittal.
You visited 1 branch of the dungeon, and saw 4 of its levels.

You collected 187 gold pieces.


Innate Abilities, Weirdness & Mutations

You are immune to sickness and miasma.
Your stone body is resilient. (AC +4)
You are immune to poison.
You resist negative energy. (rN+)
You are resistant to electric shocks. (rElec)
You are resistant to unholy torment.
You are immune to petrification.


   Skills:
 - Level 3.2 Fighting
 - Level 5.4 Axes
 - Level 1.0 Throwing
 - Level 3.2 Armour
 + Level 0.2 Dodging
 - Level 3.2 Shields


You had 5 spell levels left.
You didn't know any spells.
Your spell library was empty.

Inventory:

Hand Weapons
 f - a +0 whip
 Y - a +1 heavy war axe (weapon)
Missiles
 q - 6 javelins (quivered)
Armour
 b - a +0 pair of gloves (worn)
 c - a +0 buckler (worn)
 m - a +0 plate armour (worn)
Jewellery
 i - a ring of fire
 j - an amulet of the acrobat (around neck)
 r - a +6 ring of dexterity (left hand)
Scrolls
 h - 2 scrolls of teleportation
 n - a scroll of identify
Potions
 d - 3 potions of might
 e - a potion of attraction
 k - a potion of invisibility {unknown}
 l - a potion of berserk rage {unknown}
 o - a potion of heal wounds {unknown}

Dungeon Overview and Level Annotations

Branches:
Dungeon (4/15)             Temple (0/1) D:4

Altars:
Okawaru
Xom

Shops:
D:3 =


Message History

You barely miss Menkaure. Menkaure hits you!
You slice Menkaure!!
Menkaure is almost destroyed.
Menkaure barely misses you. Menkaure hits you but does no damage.
You slice Menkaure!!
You destroy Menkaure!
Okawaru accepts your kill.
You feel your intelligence returning.
You feel your dexterity returning.
Your Axes skill increases to level 5!
You have reached level 6!
You start resting.
You hear the slow hiss of a very distant avalanche of sand.
HP restored.
Found a dagger.
You see here a +0 dagger.
An ufetubus comes into view.
The ufetubus shouts!
You throw a javelin.
The javelin pierces through the ufetubus.
You kill the ufetubus!
Okawaru accepts your kill.
Found a staircase to the Ecumenical Temple.
q - 8 javelins (gained 1)
h - 3 scrolls of teleportation (gained 1)
You hear the slow hiss of a very distant avalanche of sand.
An ogre comes into view. It is wielding a +0 giant spiked club.
You throw a javelin. The javelin completely misses the ogre.
You throw a javelin. The javelin barely misses the ogre.
You hit the ogre.
The ogre is moderately wounded.
The ogre hits you with a +0 giant spiked club!!
Ouch! That really hurt!
2929 ||| READING 3 scrolls of teleportation.
As you read the scroll of teleportation, it crumbles to dust.
You feel strangely unstable. The ogre closely misses you.
You barely miss the ogre.
The ogre is moderately wounded.
The ogre hits you with a +0 giant spiked club!
You die...

.# .P# .##.## #
#####P#...#P#
#######.......>...
...........P#...#
######.##.###.###.#
#........P.P....
##.###.####......
#..# #.@.# ####.
#.)###.#O#
##......#.#
####...#.###.#
#........# (#
#.##...### .#
#.###.## .# #.# #.#
.# #.# #.#


You could see an ogre.

Vanquished Creatures
  Menkaure (D:4)
  3 adders
  2 river rats (D:3)
  An ufetubus (D:4)
  2 dart slugs
  3 orcs (D:2)
  3 endoplasms (D:3)
  3 giant cockroaches
  7 goblins
  8 hobgoblins
  4 jackals (D:3)
  A quokka (D:1)
  5 ball pythons
  6 bats
  4 frilled lizards
  4 kobolds
  10 rats
67 creatures vanquished.

Notes
Turn   | Place    | Note
-------+----------+-------------------------------------------
     0 | D:1      | qw the Gargoyle Fighter began the quest for the Orb.
     0 | D:1      | Reached XP level 1. HP: 14/14 MP: 1/1
     0 | D:1      | 0 ||| qw: Version: 0.2-a-103-g5a998e5
     0 | D:1      | 0 ||| qw: Game counter: 1131
     0 | D:1      | 0 ||| qw: Always use a shield: true
     0 | D:1      | 0 ||| qw: God list: Okawaru
     0 | D:1      | 0 ||| qw: Allow faded altars: false
     0 | D:1      | 0 ||| qw: Do Orc after D:15 true
     0 | D:1      | 0 ||| qw: Do second Lair branch before Depths: true
     0 | D:1      | 0 ||| qw: Lair rune preference: random
     0 | D:1      | 0 ||| qw: Plans: Normal, Zot:1-4, Slime:5, God:TSO, Crypt,
                  | Tomb, Pan, Hells, Abyss, Win
     0 | D:1      | 0 ||| PLANNING D:1-11
    82 | D:1      | Reached skill level 2 in Axes
   255 | D:1      | Reached XP level 2. HP: 18/19 MP: 2/2
   400 | D:1      | Found a faded altar of an unknown god.
   776 | D:1      | 776 ||| Stepping ~*~*~tactically~*~*~ (hiding).
   832 | D:1      | 832 ||| UPGRADING to amulet of the acrobat.
   837 | D:1      | 837 ||| READING scroll labelled DAXTUA XUENG.
   838 | D:1      | 838 ||| READING scroll labelled ANUYCOHAPP.
   839 | D:1      | 839 ||| READING 2 scrolls labelled HEAMMIO WACUU.
   842 | D:1      | 842 ||| READING scroll labelled UCRUDUEMUT.
   843 | D:1      | 843 ||| DRINKING 2 fuming white potions.
   858 | D:2      | Reached skill level 3 in Axes
   885 | D:2      | 885 ||| Stepping ~*~*~tactically~*~*~ (stealth).
   892 | D:2      | 892 ||| Stepping ~*~*~tactically~*~*~ (stealth).
   896 | D:2      | Reached XP level 3. HP: 23/23 MP: 3/3
   898 | D:2      | 898 ||| Stepping ~*~*~tactically~*~*~ (stealth).
   905 | D:2      | 905 ||| DROPPING +0 club.
   909 | D:2      | 909 ||| Stepping ~*~*~tactically~*~*~ (stealth).
   928 | D:2      | Reached skill level 1 in Throwing
  1601 | D:2      | Identified the +4 rapier "Wuugagu" {pain, rElec rCorr
                  | Stlth+}
  1871 | D:2      | 1871 ||| UPGRADING to +0 chain mail.
  1881 | D:2      | 1881 ||| DROPPING +0 scale mail.
  1882 | D:2      | 1882 ||| READING 2 scrolls labelled NAMUODAXOY.
  1883 | D:2      | 1883 ||| READING scroll labelled OREGGO ECKI.
  1884 | D:2      | 1884 ||| READING scroll labelled COMYMP MINYKH.
  1885 | D:2      | 1885 ||| DRINKING 3 sedimented sapphire potions.
  1886 | D:2      | 1886 ||| DROPPING 2 potions of degeneration.
  1948 | D:3      | 1948 ||| PLANNING SEWER
  1957 | D:3      | Reached XP level 4. HP: 28/28 MP: 4/4
  1977 | D:3      | Found Ixtes's One-of-a-Kind Rings.
  1989 | D:3      | 1989 ||| SHOPLISTING +8 ring of evasion (780 gold, have
                  | 147).
  1989 | D:3      | 1989 ||| SHOPLISTING +8 ring of strength (550 gold, have
                  | 147).
  1989 | D:3      | 1989 ||| SHOPLISTING ring "Huuduace" {+Blink Will+ MP+9
                  | Slay+9 Stlth+} (2376 gold, have 147).
  1989 | D:3      | 1989 ||| SHOPLISTING ring "Vomaur" {Fire rElec Will++} (530
                  | gold, have 147).
  1989 | D:3      | 1989 ||| SHOPLISTING ring of Maefaon {Fly rF+ Str+6} (467
                  | gold, have 147).
  1989 | D:3      | 1989 ||| SHOPLISTING ring of Qizef {rCorr Str+3} (333 gold,
                  | have 147).
  2147 | D:3      | Reached skill level 4 in Axes
  2151 | D:3      | Found an iron altar of Okawaru.
  2281 | D:3      | 2281 ||| Stepping ~*~*~tactically~*~*~ (stealth).
  2296 | D:3      | 2296 ||| Stepping ~*~*~tactically~*~*~ (stealth).
  2346 | D:3      | Reached XP level 5. HP: 32/32 MP: 5/5
  2372 | D:3      | 2372 ||| Stepping ~*~*~tactically~*~*~ (stealth).
  2496 | D:3      | Found a shimmering altar of Xom.
  2637 | D:3      | 2637 ||| RIP SEWER
  2696 | D:3      | 2696 ||| PLANNING OKAWARU WORSHIP
  2696 | D:3      | 2696 ||| UPGRADING to +0 pair of gloves.
  2701 | D:3      | 2701 ||| UPGRADING to +0 plate armour.
  2711 | D:3      | 2711 ||| DROPPING +0 chain mail.
  2712 | D:3      | 2712 ||| UPGRADING to +6 ring of dexterity.
  2713 | D:3      | 2713 ||| READING scroll labelled YSTREA KASMOS.
  2714 | D:3      | 2714 ||| READING 2 scrolls of identify.
  2714 | D:3      | 2714 ||| IDENTIFYING fizzy blue potion
  2715 | D:3      | 2715 ||| DROPPING potion of flight.
  2790 | D:3      | Became a worshipper of Warmaster Okawaru
  2790 | D:3      | 2790 ||| PLANNING D:1-11
  2825 | D:4      | Noticed Menkaure
  2826 | D:4      | 2826 ||| PLANNING OSSUARY
  2832 | D:4      | Killed Menkaure
  2833 | D:4      | Reached skill level 5 in Axes
  2833 | D:4      | Reached XP level 6. HP: 20/37 MP: 6/6
  2912 | D:4      | Found a staircase to the Ecumenical Temple.
  2928 | D:4      | HP: 6/37 [ogre/+0 giant spiked club (31)]
  2929 | D:4      | 2929 ||| READING 3 scrolls of teleportation.
  2930 | D:4      | Slain by an ogre

Levels and vault maps discovered:
D:1:      lightli_arrival_boilingwater, layout_basic,
          chequers_ecumenical_altar_simple_redux, minivault_4,
          minmay_tromino_v4_a
D:2:      layout_basic, minmay_misc_feat_doors, guppyfry_early_orc_mine
D:3:      layout_loops_ring, mainiacjoe_overflow_catwalk_spiral,
          gup_sewer_entry_bowl, nicolae_shop_unique_rings
D:4:      layout_loops_ring, minmay_temple_entry_gardened_gates,
          nicolae_ossuary_entry_monument, uniq_menkaure, uniq_robin

Skill      XL: |  1  2  3  4  5 |
---------------+----------------+-----
Axes           | 2 3 4 5 |  5.4
Throwing       | 1 |  1.0
Fighting       | |  3.2
Armour         | |  3.2
Dodging        | |  0.2
Shields        | |  3.2

Action                     |  1- 3 |  4- 6 || total
---------------------------+-------+-------++-------
  Melee: War axe           |    79 |    43 ||   122
  Throw: Javelin           |    18 |    16 ||    34
    Use: Scroll            |     7 |     3 ||    10
         Potion            |     2 |       ||     2
 Armour: Scale mail        |    53 |       ||    53
         Chain mail        |       |    31 ||    31
         Plate armour      |       |     1 ||     1
  Dodge: Dodged            |    32 |    12 ||    44
  Block: Buckler           |    17 |     6 ||    23

Table legend:
 A = Non-vault XP
 B = Vault XP
 C = Vault XP percentage of total XP
 D = Non-vault monster count
 E = Vault monster count
 F = Vault count percentage of total count
                 A         B        C        D         E       F
            +---------+---------+-------+---------+---------+-------
      Total |     127 |     227 |  64.1 |      51 |      16 |  23.9
            +---------+---------+-------+---------+---------+-------
        D:1 |      22 |       7 |  24.1 |      13 |       4 |  23.5
        D:2 |      33 |      17 |  34.0 |      14 |       7 |  33.3
        D:3 |      64 |      28 |  30.4 |      23 |       4 |  14.8
        D:4 |       8 |     175 |  95.6 |       1 |       1 |  50.0
            +---------+---------+-------+---------+---------+-------
